 Dungeon Crawl Stone Soup version 0.28.0-43-g3370ac3207 (webtiles) character file.

Game seed: 17691219449091544213

83064 Faeu the Warrior (level 15, -1/145 HPs)
             Began as a Minotaur Fighter on Mar 19, 2022.
             Was the Champion of Elyvilon.
             Splashed with acid (12 damage)
             ... on level 1 of the Pits of Slime on Mar 20, 2022.
             The game lasted 04:54:01 (23305 turns).

Faeu the Warrior (Minotaur Fighter)                Turns: 23305, Time: 04:54:02

Health: -1/145     AC: 31    Str: 29    XL:     15   Next: 31%
Magic:  0/33       EV:  8    Int:  4    God:    Elyvilon [******]
Gold:   1452       SH:  8    Dex: 11    Spells: 26/26 levels left

rFire   + . .      SeeInvis .   o - +11 falchion "Jellyslayer" {venom, Str+2 Stlth+, long}
rCold   + + .      Faith    .   c - +0 buckler
rNeg    + . .      Spirit   +   H - +0 plate armour
rPois   +          Reflect  .   S - +3 hat of Pondering {ponderous, Will+ MP+10 Int+5}
rElec   +          Harm     +   m - +2 ratskin cloak {*Rats rPois rN+ Str-1 Int-1 Dex+1}
rCorr   +          Rampage  ∞   b - +1 pair of gloves
Will    ++...                   g - +3 pair of seven-league boots {Rampage+∞}
Stlth   ..........              V - amulet "Hecsutest" {Spirit Harm rElec Regen+}
HPRegen 1.14/turn               z - ring of resist corrosion
MPRegen 0.23/turn               U - ring "Ruocets" {rC+ AC+4 Int-5 Slay+2}

@: resistant, corroded, studying Hexes, slow
A: horns 2, retaliatory headbutt, hooves 1, devolution 1
a: Renounce Religion, Purification, Heal Other, Heal Self, Divine Vigour


You were on level 1 of the Pits of Slime.
You worshipped Elyvilon.
Elyvilon was exalted by your worship.
You visited 5 branches of the dungeon, and saw 22 of its levels.

You collected 1452 gold pieces.


Innate Abilities, Weirdness & Mutations

You have a pair of horns on your head.
You reflexively headbutt those who attack you in melee.
You have large cloven feet.
You have hidden genetic defects.


   Skills:
 + Level 16.5 Fighting
 - Level 1.6(8.4) Short Blades
 - Level 14.0 Long Blades
 + Level 16.4 Armour
 + Level 16.4 Shields
 - Level 6.4 Spellcasting


You had 26 spell levels left.
You didn't know any spells.
Your spell library contained the following spells:

 Spells                   Type           Power      Damage    Failure   Level
 Apportation              Tloc           2%         N/A       87%         1
 Freeze                   Ice            4%         1d3       87%         1
 Pain                     Necr           4%         1d4       87%         1
 Sting                    Tmut/Pois      4%         1d3       87%         1
 Poisonous Vapours        Pois/Air       2%         N/A       95%         2
 Scorch                   Fire           2%         2d5       95%         2
 Static Discharge         Conj/Air       1%         N/A       95%         2
 Dazzling Flash           Conj/Hex       2%         N/A       99%         3
 Frozen Ramparts          Ice            2%         1d2       99%         3
 Ozocubu's Armour         Ice            1%         N/A       99%         3
 Animate Dead             Necr           0%         N/A       100%        4
 Dispel Undead            Necr           1%         3d6       100%        4
 Flame Wave               Conj/Fire      1%         2d4       100%        4
 Hailstorm                Conj/Ice       1%         3d3       100%        4
 Olgreb's Toxic Radiance  Pois           1%         N/A       100%        4
 Petrify                  Tmut/Erth      1%         N/A       100%        4
 Sticky Flame             Conj/Fire      1%         2d3       100%        4
 Agony                    Necr           1%         N/A       100%        5
 Alistair's Intoxication  Tmut/Pois      0%         N/A       100%        5
 Excruciating Wounds      Necr           0%         N/A       100%        5
 Fireball                 Conj/Fire      0%         3d3       100%        5
 Freezing Cloud           Conj/Ice/Air   0%         6-21      100%        5
 Iskenderun's Battlesphe  Conj           1%         2d6       100%        5
 Metabolic Englaciation   Hex/Ice        0%         N/A       100%        5
 Silence                  Hex/Air        0%         N/A       100%        5
 Conjure Ball Lightning   Conj/Air       0%         3x3d6     100%        6
 Simulacrum               Ice/Necr       0%         N/A       100%        6
 Statue Form              Tmut/Erth      0%         N/A       100%        6
 Summon Cactus Giant      Summ           0%         N/A       100%        6
 Haunt                    Necr/Summ      0%         N/A       100%        7
 Orb of Destruction       Conj           0%         9d5       100%        7
 Infestation              Necr           0%         N/A       100%        8
 Polar Vortex             Ice            0%         N/A       100%        9

Inventory:

Hand Weapons
 o - the +11 falchion "Jellyslayer" (weapon) {venom, Str+2 Stlth+, long}
   (You found it on level 2 of the Dungeon)

   It poisons the flesh of those it strikes.
   Str:       It affects your strength (+2).
   Stlth:     It makes you more stealthy.
 Q - a +4 great mace of protection {mace}
   (You took it off Rupert on level 4 of the Lair of Beasts)
 X - the +6 dagger of Kausm {speed, rElec rPois Str+4, short}
   (You found it on level 6 of the Lair of Beasts)

   Attacks with this weapon are significantly faster.
   Str:       It affects your strength (+4).
   rElec:     It insulates you from electricity.
   rPois:     It protects you from poison.
Missiles
 a - 19 bolts
 r - 449 stones {throwing}
 y - 4 throwing nets {=f!fthrowing}
 W - 23 poisoned darts {throwing}
 Y - 3 silver boomerangs (quivered) {throwing}
 Z - 4 curare-tipped darts {=fthrowing}
Armour
 b - a +1 pair of gloves (worn)
   (You found it on level 4 of the Dungeon)
 c - a +0 buckler (worn)
 g - the +3 pair of seven-league boots (worn) {Rampage+∞}
   (You acquired it on level 2 of the Dungeon)

   Its wearer moves as far as possible in that direction when moving towards
   enemies.
 m - the +2 ratskin cloak (worn) {*Rats rPois rN+ Str-1 Int-1 Dex+1}
   (You found it on level 1 of the Lair of Beasts)

   When the wearer is hurt, rats may emerge from it to assist them.
   Str:       It affects your strength (-1).
   Int:       It affects your intelligence (-1).
   Dex:       It affects your dexterity (+1).
   rPois:     It protects you from poison.
   rN:        It protects you from negative energy.
 H - a +0 plate armour (worn)
   (You found it on level 4 of the Dungeon)
 S - the +3 hat of Pondering (worn) {ponderous, Will+ MP+10 Int+5}
   (You took it off Gastronok on level 11 of the Dungeon)

   Int:       It affects your intelligence (+5).
   MP:        It affects your magic capacity (+10).
   Will:      It increases your willpower.
Jewellery
 s - an amulet of the acrobat
   (You took it off a goblin on level 2 of the Dungeon)
 w - a ring of protection from fire
   (You found it on level 3 of the Dungeon)
 z - a ring of resist corrosion (left hand)
   (You found it on level 9 of the Dungeon)
 D - a ring of willpower
   (You found it on level 4 of the Dungeon)
 E - a ring of see invisible
   (You found it on level 4 of the Dungeon)
 R - a +4 ring of evasion
   (You found it on level 13 of the Dungeon)
 U - the ring "Ruocets" (right hand) {rC+ AC+4 Int-5 Slay+2}
   (You found it on level 13 of the Dungeon)

   [ring of protection]

   AC:        It affects your AC (+4).
   Int:       It affects your intelligence (-5).
   Slay:      It affects your accuracy & damage with ranged weapons and melee
   (+2).
   rC:        It protects you from cold.
 V - the amulet "Hecsutest" (around neck) {Spirit Harm rElec Regen+}
   (You found it on level 3 of the Lair of Beasts)

   [amulet of guardian spirit]

   It causes incoming damage to be divided between your reserves of health and
   magic.
   rElec:     It insulates you from electricity.
   Regen:     It increases your rate of health regeneration.
   Harm:      It increases damage dealt and taken.
Wands
 e - a wand of polymorph (17)
   (You found it on level 9 of the Dungeon)
 A - a wand of mindburst (6)
   (You found it on level 12 of the Dungeon)
 C - a wand of paralysis (5)
   (You took it off Ijyb on level 4 of the Dungeon)
 K - a wand of flame (18)
   (You found it on level 2 of the Lair of Beasts)
 O - a wand of iceblast (6)
   (You took it off a centaur on level 10 of the Dungeon)
Scrolls
 i - a scroll of magic mapping {!r}
 j - 4 scrolls of teleportation {@r4}
 l - 2 scrolls of blinking {unknown}
 p - 2 scrolls of immolation {!r!r}
 v - 3 scrolls of torment {unknown}
 x - 4 scrolls of vulnerability {!r!r}
 F - 2 scrolls of fear
 L - 4 scrolls of identify {@r1}
 N - 2 scrolls of enchant armour
 T - a scroll of enchant weapon
Potions
 d - 3 potions of might
 h - a potion of ambrosia
 k - 4 potions of flight
 n - 7 potions of curing {@q1}
 q - 3 potions of magic
 u - 4 potions of attraction {!q}
 B - 4 potions of degeneration {!q@e2}
 G - a potion of mutation {!q}
 I - 4 potions of brilliance
 M - 5 potions of lignification {!q}
 P - a potion of haste {@q3}
Miscellaneous
 t - a box of beasts (inert)
   (You found it on level 1 of the Lair of Beasts)
 J - a piece from Xom's chessboard (15/15)
   (You found it on level 5 of the Dungeon)

Dungeon Overview and Level Annotations

Branches:
Dungeon (13/15)            Temple (1/1) D:4            Lair (6/6) D:10
  Swamp (0/4) Lair:3        Snake (1/4) Lair:3        Slime (1/5) Lair:6
    Orc (0/2) D:12         Vaults (0/5) D:13

Altars:
Ashenzari
Cheibriados
Dithmenos
Elyvilon
Fedhas
Gozag
Hepliaklqana
Kikubaaqudgha
Makhleb
Nemelex Xobeh
Okawaru
Qazlal
Ru
Sif Muna
Trog
Uskayaw
Vehumet
Wu Jian
Xom
Yredelemnul
Zin
The Shining One
Jiyva

Shops:
D:8 =   D:9 !   D:11 (   D:12 (!([*

Annotations:
D:13 3 runed translucent doors, Tevuf's ghost, journeyman DsBe
Lair:3 1 runed translucent door, exclusion: ice statue, Huasawuy's ghost, journeyman TrWz
Lair:4 1 transporter

# .#.##
.....######
......#.#.##
JJ..G......#
#@# #J#


GJ. ..... ....... ........# .......... ....>....... You could see 2 acid blobs,
a great orb of eyes, 2 slime creatures and a shining eye.


Message History

The rockslime looks as sick as possible!
You are splashed with acid.
* * * LOW HITPOINT WARNING * * *
The rockslime hits you.
* * * LOW HITPOINT WARNING * * *
You hold your ground! 😱 HP[-10] MP[-1]
You take 10 damage, and now have 20/145 hp.
You lost 1 mp, and now have 3/33 mp.
As you read the scroll of teleportation {@r4}, it crumbles to dust.
You feel strangely unstable.
You are splashed with acid!
* * * LOW HITPOINT WARNING * * *
Two slime creatures merge to form a very large slime creature.
The rockslime barely misses you. You furiously retaliate!
You headbutt the rockslime, but do no damage.
An acid blob comes into view. 😱 HP[-7]
You take 7 damage, and now have 13/145 hp.
You are healed.
You are splashed with acid.
* * * LOW HITPOINT WARNING * * *
You kill the rockslime!
Two slime creatures merge to form an enormous slime creature.
The slime creature barely misses you. 😱 HP[+16] MP[-2]
You regained 16 hp, and now have 29/145 hp.
You lost 2 mp, and now have 1/33 mp.
You are splashed with acid!
* * * LOW HITPOINT WARNING * * *
A large slime creature splits.
The slime creature hits you but does no damage.
The azure jelly hits you but does no damage.
You block the azure jelly's attack.
The azure jelly hits you but does no damage. x2 😱 HP[-11] MP[-1]
You take 11 damage, and now have 18/145 hp.
You lost 1 mp, and now have 0/33 mp.
You are splashed with acid!
* * * LOW HITPOINT WARNING * * *
😱 HP[-8]
You take 8 damage, and now have 10/145 hp.
You are splashed with acid!!
Elyvilon protects you from harm!
Your surroundings suddenly seem different.
A shining eye, 2 acid blobs and a great orb of eyes come into view.
Found a stone staircase leading down.
The acid blob quivers. x2
The great orb of eyes turns its gaze towards you.
The acid blob spits acid at you. The splash of acid hits you. You resist.
* * * LOW HITPOINT WARNING * * *
The acid corrodes you! The great orb of eyes gazes at you.
You resist with almost no effort. 😱 HP[+1] MP[+1] You're standing next to a slime covered wall!
You open the lid... ...and a larval batweird beast flies out!
The box is emptied!
You are splashed with acid!
Elyvilon protects you from harm! 😱 HP[+1] MP[-1]
You lost 1 mp, and now have 0/33 mp.
As you read the scroll of fear, it crumbles to dust.
You assume a fearsome visage.
The acid blob resists with almost no effort.
The shining eye resists with some effort.
The acid blob easily resists.
The great orb of eyes resists with almost no effort.
You are splashed with acid!
* * * LOW HITPOINT WARNING * * *
The acid blob hits you but does no damage.
The walls burn your larval batweird beast!
A slime creature comes into view.
The walls burn your larval batweird beast!
The acid blob spits acid at you. You block the splash of acid. 😱 HP[-8]
You take 8 damage, and now have 4/145 hp.
Really quaff
M - 5 potions of lignification {!q}?
Okay, then.
Unknown command.
You feel protected.
You are splashed with acid!
Elyvilon protects you from harm!
The walls burn your larval batweird beast!
Your larval batweird beast dies!
Your larval batweird beast's corpse disappears in a puff of smoke!
The acid blob hits you! Elyvilon protects you from harm!
You are splashed with acid.
You resist.
* * * LOW HITPOINT WARNING * * *
A slime creature comes into view.
The shining eye gazes at you.
Strange energies course through your body.
You feel a hidden malignance growing inside you. 😱 HP[-3]
You take 3 damage, and now have 1/145 hp.
You're standing next to a slime covered wall!
You feel better.
You are splashed with acid!
You die...

Skill      XL: |  1  2  3  4  5  6  7  8  9 10 11 12 13 14 15 |
---------------+----------------------------------------------+-----
Fighting       | 4 5 6 7 8 10 11 12 14 16 | 16.5
Armour         | 4 5 6 7 8 10 11 12 14 15 16 | 16.4
Shields        | 4 5 6 7 8 10 11 12 14 15 16 | 16.4
Long Blades    | 3 4 5 6 8 9 11 12 13 14 | 14.0
Spellcasting   | 1 2 3 4 5 6 |  6.4
Short Blades   | 1 |  1.6

Action                   |  1- 3 |  4- 6 |  7- 9 | 10-12 | 13-15 || total
-------------------------+-------+-------+-------+-------+-------++-------
Melee: Long sword        |    60 |    18 |       |       |       ||    78
       Headbutt          |     2 |    11 |    25 |    99 |   211 ||   348
       Falchion          |       |    87 |   169 |   532 |   823 ||  1611
       Dagger            |       |       |       |       |    15 ||    15
Throw: Stone             |       |    10 |    11 |    29 |    39 ||    89
       Boomerang         |       |       |    17 |       |    34 ||    51
       Dart              |       |       |     5 |    35 |    19 ||    59
       Javelin           |       |       |     4 |     1 |       ||     5
Invok: Heal Self         |       |       |       |     4 |     6 ||    10
Evoke: Wand              |       |       |       |     1 |     4 ||     5
       Box of beasts     |       |       |       |       |     1 ||     1
  Use: Scroll            |       |     5 |     1 |    15 |     8 ||    29
       Potion            |       |       |       |    10 |     8 ||    18
Armor: Scale mail        |    40 |    44 |       |       |       ||    84
       Plate armour      |       |     7 |    74 |   300 |   434 ||   815
Dodge: Dodged            |    28 |    53 |    44 |   202 |   196 ||   523
Block: Buckler           |    14 |    22 |    35 |   144 |   191 ||   406

Levels and vault maps discovered:
D:1:      dpeg_arrival_caged_fury, layout_basic
D:2:      layout_basic, minmay_ruptured
D:3:      layout_basic, gammafunk_ghost_necromancy
D:4:      layout_rooms, mainiacjoe_overflow_boulevard,
          minmay_temple_entry_waves, uniq_crazy_yiuf_cottage, uniq_ijyb,
          uniq_duvessa
D:5:      layout_loops_ring, hellmonk_bongcloud_opening, serial_bayou_lagoon_a,
          dk_noncrumbling_3
D:6:      layout_basic
D:7:      layout_loops_corners, kennysheep_donut, abandoned_shop, st_stairs_6,
          chequers_serial_rivers_micro_a
D:8:      layout_loops_ring, nicolae_shop_unique_rings, serial_bayou_pond_e
D:9:      layout_irregular_city, serial_shops, kennysheep_mini_moat,
          grunt_ministairs_12, onia_ninara_cookie
D:10:     layout_irregular_city, erik_lair_island, grunt_ministairs_15,
          kennysheep_just_a_vault
D:11:     layout_roguey, nicolae_stop_n_shop_2, uniq_grum, uniq_erolcha,
          uniq_nergalle, uniq_gastronok
D:12:     layout_irregular_city, zombieorc1_lemuel, serial_shops,
          nicolae_shop_waterfront, shop, nicolae_shop_trees, shop,
          nicolae_lakefront_shop
D:13:     layout_basic, skrybe_vaults_entry_preservation, gammafunk_ghost_ooze,
          minmay_tree_intersection,
          nicolae_gozag_cash_rules_everything_around_me
Temple:   compressed_dpeg_circular_temple
Lair:1:   layout_cave_pods, gammafunk_ghost_split, dreamdust_deal_with_the_devil
Lair:2:   layout_gridlike, serial_bayou_shore_b
Lair:3:   layout_regular_city, minmay_swamp_entry_worms,
          minmay_snake_entry_guardpost_medium, gammafunk_ghost_grave,
          ice2_lemuel
Lair:4:   gammafunk_worm_tunnel, layout_gridlike, nzn_sisyphean_effort,
          serial_bayou_shore_b, uniq_rupert
Lair:5:   nzn_winding_woodlands_cross [nzn_winding_woodlands_5x15_crooked,
          nzn_winding_woodlands_5x15_river_crossing,
          nzn_winding_woodlands_5x15_parted, nzn_winding_woodlands_5x15_twine,
          nzn_winding_woodlands_15x15_eel_pit], layout_loops_ring
Lair:6:   grunt_lair_end_beastmaster, layout_gridlike, slime_altar_2,
          uniq_sonja, uniq_urug
Snake:1:  layout_basic
Slime:1:  layout_caves, basic_altar

Notes
Turn   | Place    | Note
-------+----------+-------------------------------------------
     0 | D:1      | Faeu the Minotaur Fighter began the quest for the Orb.
     0 | D:1      | Reached XP level 1. HP: 19/19 MP: 0/0
     0 | D:1      | magus.rc [v1.9.6]
     1 | D:1      | Found a runed translucent door.
     9 | D:1      | Noticed a jelly
   331 | D:1      | Reached XP level 2. HP: 27/27 MP: 1/1
   520 | D:1      | Reached skill level 4 in Fighting
   520 | D:1      | Reached skill level 4 in Armour
   520 | D:1      | Reached skill level 4 in Shields
   674 | D:1      | Reached skill level 3 in Long Blades
   674 | D:1      | Reached XP level 3. HP: 29/33 MP: 2/2
   692 | D:1      | Reached XP level 4. HP: 38/40 MP: 3/3
   892 | D:2      | Identified the +11 falchion "Jellyslayer" {venom, Str+2
                  | Stlth+}
  1045 | D:2      | Identified a scroll of acquirement
  1046 | D:2      | Acquired the +3 pair of seven-league boots {Rampage+∞}
  1046 | D:2      | Found the +3 pair of seven-league boots {Rampage+∞}
  1952 | D:3      | Found a runed translucent gate.
  1953 | D:3      | Found a runed translucent gate.
  1955 | D:3      | Found a runed translucent gate.
  1960 | D:3      | Noticed dangdung's ghost (amateur OpTm)
  1976 | D:3      | Killed dangdung's ghost
  1977 | D:3      | Reached skill level 4 in Long Blades
  1977 | D:3      | Reached skill level 5 in Shields
  1977 | D:3      | Reached XP level 5. HP: 47/47 MP: 4/4
  1982 | D:3      | Reached skill level 5 in Armour
  1984 | D:3      | Reached skill level 5 in Fighting
  2498 | D:4      | Noticed an ogre
  2508 | D:4      | Killed an ogre
  2509 | D:4      | Reached XP level 6. HP: 47/56 MP: 5/5
  2557 | D:4      | Noticed Ijyb
  2562 | D:4      | Killed Ijyb
  2607 | D:4      | Found a staircase to the Ecumenical Temple.
  2618 | Temple   | Entered the Ecumenical Temple
  2786 | Temple   | Became a worshipper of Elyvilon the Healer
  2853 | D:4      | You pick up a book of Party Tricks and begin reading...
  2853 | D:4      | You add the spells Apportation and Alistair's Intoxication
                  | to your library.
  2969 | D:4      | Found a runed translucent door.
  2970 | D:4      | Noticed Crazy Yiuf
  3034 | D:4      | Found an ornate altar of the Wu Jian Council.
  3171 | D:4      | Noticed Duvessa
  3173 | D:4      | Noticed Dowan
  3182 | D:5      | Entered Level 5 of the Dungeon
  3205 | D:5      | Reached XP level 7. HP: 51/62 MP: 6/6
  3207 | D:5      | Reached skill level 5 in Long Blades
  3428 | D:5      | Reached * piety under Elyvilon
  3509 | D:5      | Reached skill level 6 in Armour
  3509 | D:5      | Reached skill level 6 in Shields
  3519 | D:5      | You pick up a book of the Senses and begin reading...
  3519 | D:5      | You add the spells Dazzling Flash, Agony and Silence to
                  | your library.
  3572 | D:5      | Reached skill level 6 in Fighting
  3943 | D:4      | Killed Duvessa
  3944 | D:4      | Reached skill level 1 in Spellcasting
  3954 | D:4      | Killed Dowan
  4077 | D:4      | Killed Crazy Yiuf
  4316 | D:6      | Reached XP level 8. HP: 71/71 MP: 7/9
  4487 | D:6      | Reached skill level 6 in Long Blades
  4654 | D:6      | Reached skill level 7 in Armour
  4654 | D:6      | Reached skill level 7 in Shields
  4654 | D:6      | Reached skill level 2 in Spellcasting
  4659 | D:6      | Reached skill level 7 in Fighting
  4737 | D:6      | Reached ** piety under Elyvilon
  5251 | D:7      | Reached XP level 9. HP: 79/79 MP: 11/11
  5252 | D:7      | Reached skill level 7 in Long Blades
  5748 | D:7      | You pick up a book of Winter and begin reading...
  5748 | D:7      | You add the spells Ozocubu's Armour, Metabolic Englaciation
                  | and Simulacrum to your library.
  5770 | D:7      | Reached *** piety under Elyvilon
  6311 | D:8      | Reached skill level 8 in Fighting
  6437 | D:8      | Reached skill level 8 in Armour
  6437 | D:8      | Reached skill level 8 in Shields
  6437 | D:8      | Reached skill level 3 in Spellcasting
  6611 | D:8      | Reached skill level 8 in Long Blades
  6654 | D:8      | Found Soss's One-of-a-Kind Rings.
  6919 | D:9      | Noticed a two-headed ogre
  6936 | D:9      | Killed a two-headed ogre
  7043 | D:9      | Reached XP level 10. HP: 79/90 MP: 14/14
  7086 | D:9      | Noticed a two-headed ogre
  7105 | D:9      | Killed a two-headed ogre
  7106 | D:9      | Reached skill level 9 in Fighting
  7106 | D:9      | Reached skill level 9 in Armour
  7106 | D:9      | Reached skill level 9 in Shields
  7113 | D:9      | HP: 20/91 [kobold brigand/+0 club (5)]
  7516 | D:9      | Reached **** piety under Elyvilon
  7650 | D:9      | Reached skill level 4 in Spellcasting
  7773 | D:9      | Paralysed by a floating eye for 4 turns
  7782 | D:9      | Paralysed by a floating eye for 3 turns
  7784 | D:9      | Reached skill level 9 in Long Blades
  7831 | D:9      | HP: 15/92 [steam dragon/ball of steam (9)]
  8266 | D:9      | You pick up a book of Pain and begin reading...
  8266 | D:9      | You add the spells Pain and Excruciating Wounds to your
                  | library.
  8279 | D:9      | Reached skill level 10 in Fighting
  8304 | D:9      | Found Qanaed Raro's Distillery.
  8307 | D:9      | magus.rc [v1.9.6]
  8475 | D:10     | Entered Level 10 of the Dungeon
  8485 | D:10     | Reached skill level 10 in Armour
  8485 | D:10     | Reached skill level 10 in Shields
  8607 | D:10     | Reached XP level 11. HP: 95/99 MP: 16/16
  8971 | D:10     | Reached ***** piety under Elyvilon
  8987 | D:10     | Reached skill level 10 in Long Blades
  9000 | D:10     | Noticed a stone giant
  9015 | D:11     | Noticed Grum
  9044 | D:11     | Killed Grum
  9401 | D:11     | Noticed Erolcha
  9407 | D:11     | Killed Erolcha
  9408 | D:11     | Reached skill level 5 in Spellcasting
  9707 | D:11     | Noticed Nergalle
  9754 | D:11     | Killed Nergalle
  9979 | D:10     | HP: 25/101 [stone giant (18)]
 10006 | D:10     | HP: 6/101 [stone giant/large rock (16)]
 10383 | D:10     | Killed a stone giant
 10402 | D:10     | You pick up a book of Touch and begin reading...
 10402 | D:10     | You add the spells Static Discharge, Sticky Flame and
                  | Dispel Undead to your library.
 10424 | D:10     | Found a staircase to the Lair.
 10583 | D:10     | Reached skill level 11 in Fighting
 10672 | D:10     | You pick up a book of Scorching and begin reading...
 10672 | D:10     | You add the spells Scorch, Flame Wave and Summon Cactus
                  | Giant to your library.
 10695 | D:10     | You pick up a book of Frost and begin reading...
 10695 | D:10     | You add the spells Freeze, Frozen Ramparts and Hailstorm to
                  | your library.
 10799 | Lair:1   | Entered Level 1 of the Lair of Beasts
 10799 | Lair:1   | Noticed Peloso's ghost (journeyman MiFi)
 10799 | Lair:1   | Found a runed translucent gate.
 10799 | Lair:1   | Found a runed translucent gate.
 10799 | Lair:1   | Found a runed translucent gate.
 10845 | Lair:1   | You fall into a shaft and drop 1 floor!
 10899 | Lair:2   | Reached skill level 11 in Armour
 10899 | Lair:2   | Reached skill level 11 in Shields
 11915 | Lair:3   | Found a runed translucent door.
 11924 | Lair:3   | Noticed Huasawuy's ghost (journeyman TrWz)
 11931 | Lair:3   | Reached skill level 11 in Long Blades
 11943 | Lair:3   | Reached XP level 12. HP: 63/110 MP: 19/19
 12146 | Lair:3   | You pick up a book of the Spheres and begin reading...
 12146 | Lair:3   | You add the spells Iskenderun's Battlesphere, Fireball,
                  | Conjure Ball Lightning and Orb of Destruction to your
                  | library.
 12217 | Lair:3   | Found a staircase to the Snake Pit.
 12480 | Lair:3   | Identified the amulet "Hecsutest" {Spirit Harm rElec
                  | Regen+}
 12503 | Lair:3   | Found a staircase to the Swamp.
 12719 | Lair:3   | Reached skill level 6 in Spellcasting
 12872 | Lair:3   | Reached skill level 12 in Fighting
 12953 | Lair:3   | Reached skill level 12 in Armour
 12963 | Lair:3   | Reached skill level 12 in Shields
 13148 | Lair:3   | Gained mutation: You have large cloven feet. [potion of
                  | mutation]
 13570 | Snake:1  | Entered Level 1 of the Snake Pit
 13786 | Snake:1  | Reached skill level 12 in Long Blades
 14476 | Snake:1  | Reached XP level 13. HP: 119/119 MP: 21/21
 14643 | Snake:1  | Reached skill level 13 in Fighting
 14949 | Lair:4   | Noticed Rupert
 15025 | Lair:4   | Reached skill level 13 in Armour
 15058 | Lair:4   | Reached skill level 13 in Shields
 15174 | Lair:4   | Found a transporter.
 15312 | Lair:4   | Reached ****** piety under Elyvilon
 15402 | Lair:4   | Elyvilon protects you from harm!
 15404 | Lair:4   | HP: 7/122 [Rupert/+3 great mace of protection (33)]
 15769 | Lair:4   | Killed Rupert
 15962 | Lair:4   | Found a transporter.
 16398 | Lair:4   | magus.rc [v1.9.6]
 16398 | Lair:4   | magus.rc [v1.9.6]
 16458 | Lair:5   | You pick up a book of Death and begin reading...
 16458 | Lair:5   | You add the spells Animate Dead, Haunt and Infestation to
                  | your library.
 16564 | Lair:5   | Reached skill level 13 in Long Blades
 16722 | Lair:5   | You add the spells Sting, Poisonous Vapours and Olgreb's
                  | Toxic Radiance to your library.
 16958 | Lair:5   | Identified the +6 arbalest of Grace {penet, rC- rCorr Str+2
                  | Dex+5}
 17138 | Lair:5   | Noticed a dire elephant
 17163 | Lair:5   | Killed a dire elephant
 17164 | Lair:5   | Reached skill level 14 in Fighting
 17214 | Lair:5   | Reached skill level 14 in Armour
 17245 | Lair:5   | Identified the +3 leather armour of Jidogeom {Will+ Str+2}
 17253 | Lair:5   | magus.rc [v1.9.6]
 17253 | Lair:5   | magus.rc [v1.9.6]
 17345 | Lair:5   | Reached skill level 14 in Shields
 17764 | Lair:6   | Entered Level 6 of the Lair of Beasts
 17832 | Lair:6   | Reached XP level 14. HP: 132/132 MP: 22/22
 17911 | Lair:5   | Reached skill level 14 in Long Blades
 17985 | Lair:6   | Noticed Sonja
 18008 | Lair:6   | Killed Sonja
 18293 | Lair:6   | Identified the +6 dagger of Kausm {speed, rElec rPois
                  | Str+4}
 18594 | Lair:6   | Reached skill level 1 in Short Blades
 18767 | Lair:6   | Reached skill level 15 in Fighting
 18824 | Lair:6   | Found a runed translucent door.
 18824 | Lair:6   | Found a viscous altar of Jiyva.
 18824 | Lair:6   | Noticed an acid blob
 18827 | Lair:6   | Found a staircase to the Slime Pits.
 18827 | Lair:6   | Noticed an acid blob
 18827 | Lair:6   | Noticed an acid blob
 18830 | Lair:6   | magus.rc [v1.9.6]
 18833 | Lair:6   | magus.rc [v1.9.6]
 19061 | Lair:1   | Reached skill level 15 in Armour
 19061 | Lair:1   | Reached skill level 15 in Shields
 19441 | Lair:1   | Found the +14 obsidian axe {vorpal, Mesm Drain Fly SInv}
 19665 | Lair:1   | Found the +2 ratskin cloak {*Rats rPois rN+ Str-1 Int-1
                  | Dex+1}
 19980 | Lair:1   | Killed Peloso's ghost
 19996 | Lair:1   | You pick up a book of Sloth and begin reading...
 19996 | Lair:1   | You add the spells Petrify and Statue Form to your library.
 20063 | D:11     | Found Wyteon's Antique Weapon Shop.
 20358 | D:12     | Found Zooq's Armour Boutique.
 20446 | D:12     | Found Unigrun's Distillery.
 20488 | D:12     | Found Bibex's Antique Weapon Emporium.
 20582 | D:11     | Noticed Gastronok
 20582 | D:11     | Gastronok the Ponderous comes into view. He is wearing the
                  | +3 hat of Pondering {ponderous, Will+ MP+10 Int+5}.
 20608 | D:11     | Killed Gastronok
 20649 | D:11     | You pick up a book of Ice and begin reading...
 20649 | D:11     | You add the spells Freezing Cloud and Polar Vortex to your
                  | library.
 21116 | D:12     | Found a staircase to the Orcish Mines.
 21184 | D:12     | Found Haat's Weapon Emporium.
 21247 | D:12     | Found Keroa's Assorted Antiques.
 21757 | D:13     | Found a gate to the Vaults.
 21757 | D:13     | Noticed an ironbound preserver
 21781 | D:13     | HP: 33/136 [death knight/+0 great sword (20)]
 21790 | D:13     | HP: 24/136 [cyclops/large rock (26)]
 21805 | D:13     | Reached skill level 16 in Fighting
 21805 | D:13     | Reached XP level 15. HP: 43/144 MP: 5/23
 22036 | D:13     | Reached skill level 16 in Armour
 22036 | D:13     | Reached skill level 16 in Shields
 22048 | D:13     | Found an opulent altar of Gozag.
 22110 | D:13     | Identified the ring "Ruocets" {rC+ AC+4 Int-5 Slay+2}
 22720 | D:13     | Found a runed translucent gate.
 22720 | D:13     | Found a runed translucent gate.
 22720 | D:13     | Found a runed translucent gate.
 22721 | D:13     | Noticed an acid blob
 22721 | D:13     | Noticed an azure jelly
 22721 | D:13     | Noticed an azure jelly
 22722 | D:13     | Noticed an acid blob
 22722 | D:13     | Noticed an azure jelly
 22726 | D:13     | Noticed Tevuf's ghost (journeyman DsBe)
 22726 | D:13     | Noticed an azure jelly
 22726 | D:13     | Noticed an acid blob
 22727 | D:13     | Noticed a rockslime
 22727 | D:13     | Noticed an acid blob
 22727 | D:13     | Noticed an acid blob
 22727 | D:13     | Noticed an acid blob
 22849 | D:13     | You pick up a book of Touch and begin reading...
 22906 | D:13     | Found a viscous altar of Jiyva.
 23174 | Lair:6   | Killed an acid blob
 23180 | Lair:6   | Killed an acid blob
 23189 | Lair:6   | Killed an acid blob
 23246 | Slime:1  | Entered Level 1 of the Pits of Slime
 23246 | Slime:1  | Noticed a rockslime
 23247 | Slime:1  | magus.rc [v1.9.6]
 23249 | Slime:1  | Noticed a rockslime
 23249 | Slime:1  | Noticed an azure jelly
 23294 | Slime:1  | HP: 35/145 [acid (11)]
 23297 | Slime:1  | HP: 12/145 [acid (8)]
 23297 | Slime:1  | Noticed an acid blob
 23298 | Slime:1  | Killed a rockslime
 23301 | Slime:1  | Elyvilon protects you from harm!
 23301 | Slime:1  | Noticed an acid blob
 23301 | Slime:1  | Noticed an acid blob
 23302 | Slime:1  | Elyvilon protects you from harm!
 23303 | Slime:1  | HP: 3/145 [acid (9)]
 23304 | Slime:1  | Elyvilon protects you from harm!
 23304 | Slime:1  | Elyvilon protects you from harm!
 23304 | Slime:1  | HP: 1/145 [acid (4)]
 23304 | Slime:1  | Gained mutation: You have hidden genetic defects. [a
                  | shining eye]
 23305 | Slime:1  | Splashed with acid

Vanquished Creatures
  2 acid blobs (Lair:6)
  Gastronok (D:11)
  A rockslime (Slime:1)
  An ironbound preserver (D:13)
  2 dire elephants
  The ghost of Peloso the Blocker, a journeyman MiFi of Okawaru (Lair:1)
  3 hydras
  Erolcha (D:11)
  5 boulder beetles
  2 centaur warriors (D:13)
  An anaconda (Snake:1)
  A death knight (D:13)
  2 tengu warriors (D:13)
  11 death yaks
  4 two-headed ogres
  6 naga sharpshooters (Snake:1)
  2 shock serpents (Snake:1)
  Nergalle (D:11)
  Sonja (Lair:6)
  A fire crab (Lair:5)
  2 manticores
  2 deep elf pyromancers (D:12)
  2 mana vipers (Snake:1)
  2 ugly things (D:12)
  4 cyclopes (D:13)
  2 salamanders (Snake:1)
  9 elephants
  2 naga magi (Snake:1)
  11 cane toads
  8 black mambas
  2 torpor snails
  A guardian serpent (Snake:1)
  A gargoyle (D:13)
  A freezing wraith (Lair:3)
  An unseen horror (D:11)
  3 rime drakes
  A tengu conjurer (D:13)
  6 komodo dragons
  4 trolls
  A queen bee (shapeshifter) (D:13)
  3 polar bears
  2 tyrant leeches (Lair:3)
  14 slime creatures
  16 dream sheep
  15 blink frogs
  3 shadows
  2 wraiths
  7 wyverns
  A vampire (D:9)
  26 yaks
  Grum (D:11)
  5 basilisks
  6 vampire mosquitoes
  A redback simulacrum (D:11)
  4 steam dragons
  A swamp worm (Lair:3)
  15 nagas
  Duvessa (D:4)
  16 water moccasins
  An acid dragon (D:10)
  A floating eye (D:9)
  2 orc warriors (D:9)
  A sky beast (D:5)
  5 ice beasts
  A necrophage (D:6)
  2 ogres (D:4)
  24 wolves
  4 boggarts (D:12)
  5 centaurs
  The ghost of dangdung the Chiller, an amateur OpTm (D:3)
  A phantom (D:12)
  12 bullfrogs
  5 kobold brigands
  2 wyvern zombies
  A water moccasin zombie (D:6)
  3 gnoll sergeants
  A scorpion (D:6)
  Dowan (D:4)
  2 troll zombies (D:12)
  5 killer bees
  4 electric eels
  7 howler monkeys
  8 centaur zombies
  2 jellies
  8 hounds
  Crazy Yiuf (D:4)
  A gnoll shaman (D:9)
  A centaur skeleton (D:3)
  3 iguanas
  Ijyb (D:4)
  7 orc wizards
  13 hell rats
  2 killer bee zombies
  4 ogre zombies (D:12)
  A hound skeleton (D:4)
  A howler monkey zombie (D:7)
  12 gnolls
  5 adders
  A shadow imp (D:6)
  6 white imps (Lair:3)
  An ufetubus (D:5)
  3 worms
  2 dart slugs
  24 orcs
  11 endoplasms
  8 giant cockroaches
  5 goblins
  8 hobgoblins
  6 jackals
  18 kobolds
  2 quokkas
  5 ball pythons
  6 bats
  3 frilled lizards
  A goblin skeleton (D:12)
  A hobgoblin zombie (D:12)
  3 orc skeletons (D:12)
  13 orc zombies (D:12)
  10 rats
  A bush (Lair:5)
552 creatures vanquished.

Vanquished Creatures (collateral kills)
  Rupert (Lair:4)
  An acid blob (Lair:6)
  A stone giant (D:10)
  An electric eel (D:10)
4 creatures vanquished.

Vanquished Creatures (others)
  A vampire (D:12)
  A briar patch (Lair:4)
  17 fungi
  49 plants
68 creatures vanquished.

Grand Total: 624 creatures vanquished

Table legend:
 A = Non-vault XP
 B = Vault XP
 C = Vault XP percentage of total XP
 D = Non-vault monster count
 E = Vault monster count
 F = Vault count percentage of total count
                 A         B        C        D         E       F
            +---------+---------+-------+---------+---------+-------
      Total |   83667 |   34997 |  29.5 |     401 |     155 |  27.9
            +---------+---------+-------+---------+---------+-------
        D:1 |      34 |      78 |  69.6 |      21 |      19 |  47.5
        D:2 |      46 |       6 |  11.5 |      15 |       2 |  11.8
        D:3 |      37 |     170 |  82.1 |      17 |       3 |  15.0
        D:4 |     303 |     292 |  49.1 |      12 |       4 |  25.0
        D:5 |     406 |       0 |   0.0 |      15 |       0 |   0.0
        D:6 |     920 |       0 |   0.0 |      10 |       0 |   0.0
        D:7 |    1063 |      17 |   1.6 |      18 |       1 |   5.3
        D:8 |    1322 |       0 |   0.0 |      22 |       0 |   0.0
        D:9 |    2283 |    3321 |  59.3 |      15 |      30 |  66.7
       D:10 |    2615 |    1843 |  41.3 |      18 |      10 |  35.7
       D:11 |    3586 |    3527 |  49.6 |      12 |       6 |  33.3
       D:12 |   10195 |     696 |   6.4 |      31 |      27 |  46.6
       D:13 |    5433 |    5998 |  52.5 |      19 |       9 |  32.1
     Lair:1 |    1213 |    1716 |  58.6 |      12 |       5 |  29.4
     Lair:2 |    3676 |       0 |   0.0 |      13 |       0 |   0.0
     Lair:3 |    5859 |    2216 |  27.4 |      30 |      17 |  36.2
     Lair:4 |    3659 |    2546 |  41.0 |      10 |       2 |  16.7
     Lair:5 |   15043 |    4933 |  24.7 |      45 |      11 |  19.6
     Lair:6 |   11077 |    7638 |  40.8 |      36 |       9 |  20.0
    Snake:1 |   13593 |       0 |   0.0 |      29 |       0 |   0.0
    Slime:1 |    1304 |       0 |   0.0 |       1 |       0 |   0.0
            +---------+---------+-------+---------+---------+-------

Illustrated notes

Table legend:
 A = Kills in this place as a percentage of kills in entire the game.
 B = Kills by you in this place as a percentage of kills by you in the entire game.
 C = Kills by friends in this place as a percentage of kills by friends in the entire game.
 D = Other kills in this place as a percentage of other kills in the entire game.
 E = Experience gained in this place as a percentage of experience gained in the entire game.
 F = Experience gained in this place divided by the number of levels of this place that you have seen.
                   A       B       C       D       E      F
               +-------+-------+-------+-------+-------+----------------------
         Total | 100.0 | 100.0 | 100.0 | 100.0 | 100.0 | 5393.8
       Dungeon |  60.4 |  60.4 |  50.0 | 100.0 |  37.2 | 3399.3
          Lair |  34.2 |  34.1 |  50.0 |   0.0 |  50.2 | 9929.3
     Snake Pit |   5.2 |   5.3 |   0.0 |   0.0 |  11.5 | 13593.0
    Slime Pits |   0.2 |   0.2 |   0.0 |   0.0 |   1.1 | 1304.0
               +-------+-------+-------+-------+-------+----------------------

Table legend: (Time is in decaauts)
 A = Elapsed time spent in this place.
 B = Non-inter-level travel time spent in this place.
 C = Inter-level travel time spent in this place.
 D = Time resting spent in this place.
 E = Time spent auto-exploring this place.
 F = Levels seen in this place.
 G = Mean time per level.
                   A        B        C        D        E       F      G
               +--------+--------+--------+--------+--------+-----+--------+
         Total |  23215 |  22675 |    540 |   3103 |  10007 |  22 | 1055.2 |
       Dungeon |  13746 |  13397 |    349 |   1788 |   6303 |  13 | 1057.4 |
        Temple |    180 |    180 |      0 |      0 |      1 |   1 |  180.0 |
          Lair |   8002 |   7811 |    191 |   1186 |   3091 |   6 | 1333.7 |
     Snake Pit |   1253 |   1253 |      0 |    129 |    612 |   1 | 1253.0 |
    Slime Pits |     31 |     31 |      0 |      0 |      0 |   1 |   31.0 |
               +--------+--------+--------+--------+--------+-----+--------+

Top non-repeatable levels by time:
  Lair:3: 2166 daAuts
    D:11: 1796 daAuts
     D:9: 1584 daAuts
  Lair:5: 1500 daAuts
    D:13: 1450 daAuts
  Lair:4: 1274 daAuts
 Snake:1: 1253 daAuts
     D:7: 1156 daAuts
  Lair:1: 1140 daAuts
  Lair:2: 1083 daAuts
    D:10: 1071 daAuts
    D:12: 1053 daAuts
     D:2: 904 daAuts
     D:8: 900 daAuts
  Lair:6: 836 daAuts
